Map: Frozen Temple

Players

JaKeN - Winner!

  • Race: Zerg Zerg
  • League: Master

Miszu

  • Race: Terran Terran
  • League: Grandmaster

VOD

Have the link to the VOD?

Description

Time

  • Played on: May 17, 2016, 8:18 a.m.
  • Length: 5:43
Show
View Real Time Build Order
Export as new Build Order

JaKeN Zerg - Winner!

Build Orders: Hatch First 

Get SALT Encoding   

  12  0:01  Drone  
  13  0:10  Drone  
  14  0:17  Overlord  
  14  0:27  Extractor, Drone  
  15  0:37  Drone x2  
  17  0:54  Hatchery  
  17  0:56  Drone  
  17  0:59  Drone  
  18  1:13  Extractor, Spawning Pool  
  18  1:17  Drone  
  17  1:20  Drone  
  18  1:27  Drone  
  19  1:38  Overlord  
  19  1:48  Drone  
  20  2:00  Queen  
  22  2:01  Zergling x2  
  22  2:05  Queen  
  22  2:06  Zergling x2  
  26  2:11  Zergling x2  
  27  2:18  Metabolic Boost  
  27  2:31  Spore Crawler  
  27  2:34  Overlord  
  27  2:35  Drone x3  
  30  2:39  Overlord  
  30  2:40  Queen  
  32  2:48  Queen  
  34  2:56  Drone x3  
  37  3:05  Drone x2  
  39  3:09  Drone x2  
  39  3:10  Drone  
  39  3:12  Drone  
  45  3:20  Drone x3  
  46  3:34  Hatchery  
  45  3:37  Overlord  
  45  3:45  Queen x2  
  49  3:49  Drone x2  
  49  3:53  Extractor, Drone x2  
  49  3:54  Extractor  
  51  4:04  Overlord  
  51  4:11  Evolution Chamber  
  51  4:13  Evolution Chamber  
  51  4:16  Drone x3  
  52  4:17  Drone x3  
  55  4:28  Baneling Nest  
  54  4:31  Overlord  
  54  4:34  Zergling x12  
  60  4:48  Spore Crawler  
  60  4:49  Spore Crawler  
  60  4:50  Queen  
  60  4:56  Drone x3  
  61  5:08  Drone x5  
  61  5:09  Drone x2  
  66  5:23  Overlord x2  
  66  5:25  Zergling x4  
  69  5:32  Spore Crawler  
Show
View Real Time Build Order
Export as new Build Order

Miszu Terran 

Build Orders: Reaper Expand, Hellion Banshee 

Get SALT Encoding   

  12  0:00  SCV  
  13  0:13  SCV  
  14  0:17  Supply Depot  
  14  0:25  SCV  
  15  0:39  SCV  
  15  0:41  Barracks  
  16  0:43  Refinery  
  16  0:51  SCV  
  17  1:03  SCV  
  18  1:15  SCV  
  19  1:29  Orbital Command  
  19  1:30  Reaper  
  20  1:42  Command Center  
  20  1:55  Supply Depot, SCV  
  21  2:06  Factory  
  21  2:07  SCV  
  22  2:13  Refinery  
  22  2:19  Barracks Reactor, SCV  
  23  2:31  SCV  
  24  2:43  SCV  
  25  2:51  Starport  
  25  2:54  Orbital Command  
  25  2:55  SCV  
  25  2:57  Factory Tech Lab  
  26  3:06  Barracks Tech Lab  
  26  3:08  Hellion x2, SCV  
  31  3:14  Supply Depot  
  31  3:19  SCV  
  32  3:21  SCV  
  33  3:32  SCV  
  33  3:33  Hellion x2  
  37  3:34  Barracks Reactor  
  37  3:37  Banshee  
  37  3:38  SCV  
  41  3:45  SCV  
  42  3:55  Command Center  
  42  3:58  SCV  
  42  4:01  SCV  
  44  4:05  Refinery  
  44  4:06  Refinery  
  44  4:09  Liberator  
  44  4:10  Hellion, SCV  
  44  4:13  SCV  
  44  4:14  Hellion  
  44  4:16  Supply Depot  
  50  4:20  Liberator  
  50  4:29  SCV  
  54  4:35  Armory  
  57  4:38  SCV  
  57  4:42  Supply Depot  
  57  4:43  SCV  
  59  4:50  SCV  
  60  4:55  SCV  
  61  5:06  Orbital Command  
  61  5:07  SCV x2  
  64  5:17  Orbital Command  
  64  5:19  SCV  
  69  5:28  SCV  
  69  5:35  Starport  
  71  5:36  Starport  
Tags
 
Add a new tag
Caveats
  • Supply blocks, unpowered buildings, or Contaminate may cause inaccurate times.
  • Supply counts are checked every 10 seconds.